 Dungeon Crawl Stone Soup version 0.28-a0-1510-gd0f6b136d3 (webtiles) character file.

Game seed: 9422183436432279057

154 Murumi the Skirmisher (level 5, -2/57 HPs)
             Began as an Ogre Fighter on Jan 15, 2022.
             Slain by a gnoll (3 damage)
             ... on level 3 of the Dungeon.
             The game lasted 00:07:43 (3520 turns).

Murumi the Skirmisher (Ogre Fighter)                Turns: 3520, Time: 00:07:44

Health: -2/57      AC:  3    Str: 20    XL:     5   Next: 36%
Magic:  5/5        EV: 12    Int: 11    God:
Gold:   45         SH:  7    Dex:  8    Spells: 4/4 levels left

rFire   . . .      SeeInvis +   a - +1 flail
rCold   . . .      Faith    .   c - +0 kite shield
rNeg    . . .      Spirit   .   b - +0 robe
rPois   .          Reflect  .   (helmet restricted)
rElec   .          Harm     .   (no cloak)
rCorr   .          Rampage  .   (gloves unavailable)
Will    .....                   (boots unavailable)
Stlth   ++........              (no amulet)
HPRegen 0.19/turn               h - ring of see invisible
MPRegen 0.09/turn               n - +4 ring of evasion

@: attractive, flying
A: large, unfitting armour, tough skin 1
a: no special abilities


You were on level 3 of the Dungeon.
You visited 1 branch of the dungeon, and saw 3 of its levels.

You collected 45 gold pieces.

Inventory:

Hand Weapons
 a - a +1 flail (weapon)
Missiles
 e - 5 boomerangs
 g - 69 stones (quivered)
 o - 3 poisoned darts
Armour
 b - a +0 robe (worn)
 c - a +0 kite shield (worn)
Jewellery
 h - a ring of see invisible (left hand)
 n - a +4 ring of evasion (right hand)
Scrolls
 l - a scroll of enchant weapon
 m - a scroll of teleportation
Potions
 f - a potion of mutation
 k - a potion of lignification {unknown}


   Skills:
 - Level 5.0 Fighting
 - Level 2.0 Maces & Flails
 + Level 2.1 Throwing
 - Level 1.0 Armour
 - Level 3.0 Dodging
 - Level 2.0 Stealth
 - Level 3.0 Shields


You had 4 spell levels left.
You didn't know any spells.
Your spell library contained the following spells:

 Spells                   Type           Power      Damage    Failure   Level
 Animate Skeleton         Necr           0%         N/A       63%         1
 Apportation              Tloc           0%         N/A       63%         1
 Summon Small Mammal      Summ           0%         N/A       63%         1


Dungeon Overview and Level Annotations

Branches:
Dungeon (3/15)

Altars:
Nemelex Xobeh


Innate Abilities, Weirdness & Mutations

You are too large for most types of armour.
You have tough skin. (AC +1)


Message History

You hit the gnoll but do no damage. The gnoll hits you but does no damage.
Unknown command.
You thump the gnoll!
The gnoll is severely wounded.
The gnoll hits you with a +0 club.
You sock the gnoll!
You kill the gnoll!
You block the gnoll's attack.
Training target 5.0 for Fighting reached!
Your Fighting skill increases to level 5!
You need to enable at least one skill for training.
You hit the gnoll but do no damage. The gnoll closely misses you.
You block the gnoll's attack.
The gnoll hits you from afar with a +0 halberd.
You closely miss the gnoll. The gnoll closely misses you.
You block the gnoll's attack. The gnoll hits you with a +0 flail.
You closely miss the gnoll. The gnoll misses you.
The gnoll hits you but does no damage. x2
You hit the gnoll but do no damage. You block the gnoll's attack. x2
The gnoll hits you with a +0 flail.
You hit the gnoll.
The gnoll is lightly wounded.
You block the gnoll's attack. x2
You closely miss the gnoll.
The gnoll is lightly wounded.
The gnoll misses you. The gnoll hits you with a +0 flail.
The gnoll hits you from afar with a +0 halberd!
The gnoll hits you with a +0 flail!
* * * LOW HITPOINT WARNING * * *
It was a potion of flight.
You feel very buoyant.
You fly up into the air.
The gnoll hits you from afar with a +0 halberd!
* * * LOW HITPOINT WARNING * * *
The gnoll hits you with a +0 flail.
* * * LOW HITPOINT WARNING * * *
It was a potion of attraction.
You feel attractive to monsters.
The gnoll hits you from afar with a +0 halberd.
You die...

...... ##......
...... .....
...## ....
#.#####.#######
#..gg@.........
#######.######
#)# #.#######
#.......#
###############.#
#...............#
#.....######....#
#.....'....#....#


You could see 2 gnolls.

Vanquished Creatures
  Natasha (D:3)
  2 gnolls (D:3)
  2 adders
  A white imp (D:3)
  2 dart slugs (D:2)
  An orc (D:3)
  6 ball pythons
  7 endoplasms
  3 giant cockroaches
  4 hobgoblins (D:1)
  18 jackals
  3 quokkas
  9 bats
  3 frilled lizards (D:1)
  3 goblins
  6 kobolds
  4 rats
75 creatures vanquished.

Notes
Turn   | Place    | Note
-------+----------+-------------------------------------------
     0 | D:1      | Murumi the Ogre Fighter began the quest for the Orb.
     0 | D:1      | Reached XP level 1. HP: 24/24 MP: 1/1
     6 | D:1      | Noticed a wolf
     6 | D:1      | Noticed a water moccasin
     6 | D:1      | Noticed a rime drake
     7 | D:1      | Noticed a swamp worm
     7 | D:1      | Noticed a black bear
   252 | D:1      | Found a faded altar of an unknown god.
   258 | D:1      | Reached XP level 2. HP: 27/32 MP: 2/2
   634 | D:1      | Reached skill level 1 in Stealth
   768 | D:1      | Reached XP level 3. HP: 34/39 MP: 3/3
  1678 | D:2      | Reached XP level 4. HP: 16/48 MP: 4/4
  1904 | D:2      | Reached skill level 1 in Armour
  2214 | D:2      | Reached skill level 1 in Throwing
  3103 | D:3      | Found a sparkling altar of Nemelex Xobeh.
  3329 | D:3      | Noticed Natasha
  3338 | D:3      | Reached XP level 5. HP: 38/55 MP: 5/5
  3340 | D:3      | Killed Natasha
  3513 | D:3      | Reached skill level 5 in Fighting
  3519 | D:3      | HP: 1/57 [gnoll (4)]
  3520 | D:3      | Slain by a gnoll

Illustrated notes

Levels and vault maps discovered:
D:1:      onia_arrival_zoo_common, layout_loops_ring,
          shapermc_ecumenical_altar_flowoftime, kennysheep_decorative_pillar
D:2:      layout_loops_ring
D:3:      layout_basic, nemelex_diamond_rough_becter, uniq_natasha

Skill      XL: |  1  2  3  4  5 |
---------------+----------------+-----
Maces & Flails | 2 |  2.0
Dodging        | 3 |  3.0
Shields        | 3 |  3.0
Stealth        | 1 2 |  2.0
Armour         | 1 |  1.0
Throwing       | 2 |  2.1
Fighting       | 5 |  5.0

Action                   |  1- 3 |  4- 6 || total
-------------------------+-------+-------++-------
Melee: Flail             |   151 |   107 ||   258
Throw: Stone             |     2 |       ||     2
  Use: Scroll            |     3 |     1 ||     4
       Potion            |       |     3 ||     3
 Stab: Sleeping          |     3 |     4 ||     7
       Distracted        |     1 |       ||     1
Armor: Robe              |    59 |    36 ||    95
Dodge: Dodged            |    56 |    38 ||    94
Block: Kite shield       |    63 |    51 ||   114

Table legend: (Time is in decaauts)
 A = Elapsed time spent in this place.
 B = Non-inter-level travel time spent in this place.
 C = Inter-level travel time spent in this place.
 D = Time resting spent in this place.
 E = Time spent auto-exploring this place.
 F = Levels seen in this place.
 G = Mean time per level.
                   A        B        C        D        E       F      G
               +--------+--------+--------+--------+--------+-----+--------+
         Total |   3641 |   3502 |    139 |     39 |   2809 |   3 | 1213.7 |
       Dungeon |   3641 |   3502 |    139 |     39 |   2809 |   3 | 1213.7 |
               +--------+--------+--------+--------+--------+-----+--------+

Top non-repeatable levels by time:
     D:1: 1418 daAuts
     D:2: 1230 daAuts
     D:3: 992 daAuts
